XFBL
CHICAGO CUBS @ ST. LOUIS CARDINALS
05/03/1982
 
TOP OF THE 1ST
Chicago Cubs batting - Pitching for St. Louis Cardinals : LHP Ken Holtzman
Pitching: LHP Ken Holtzman
Batting: RHB Gary Ward 0-0: Ball
1-0: Ball
2-0: Ball
3-0: Base on Balls
Batting: RHB Bill Madlock 0-0: Ball
1-0: Swinging Strike
1-1: Swinging Strike
1-2: DOUBLE (Flyball, 89D, EV 100.6 MPH)
Gary Ward to third
Runner from 3rd tries for Home, SAFE, throw by RF to trailing runner, OUT at third! 9-3-5
Batting: RHB Jim Rice 0-0: Called Strike
0-1: Foul Ball, location: 2F
0-2: Foul Ball, location: 2F
0-2: SINGLE (Line Drive, 78S, EV 86.3 MPH)
Batting: SHB Roy Smalley 0-0: Called Strike
0-1: SINGLE (Flyball, 3D, EV 90.6 MPH)
Jim Rice to second
Runner from 2nd tries for 3rd, SAFE, throw by RF made to third
Batting: LHB Dave Bergman 0-0: Foul Ball, location: 2F
0-1: Ball
1-1: Called Strike
1-2: Ball
2-2: Foul Ball, location: 2F
2-2: Ball
3-2: Foul Ball, location: 2F
3-2: Fielders Choice at 2nd, 6-4 (Groundball, 6, EV 91.3 MPH)
Jim Rice scores
Batting: RHB Randy Ready 0-0: Ball
1-0: Foul Ball, location: 2F
1-1: Foul Ball, location: 2F
1-2: Ball
2-2: Ball
Wild Pitch!
Dave Bergman to second
3-2: Ground out 6-3 (Groundball, 56, EV 90.0 MPH)
Top of the 1st over - 2 runs, 3 hits, 0 errors, 1 left on base; Chicago 2 - St. Louis 0
BOTTOM OF THE 1ST
St. Louis Cardinals batting - Pitching for Chicago Cubs : RHP Oscar Sanchez
Pitching: RHP Oscar Sanchez
Batting: SHB Otis Nixon 0-0: Ball
1-0: Ball
2-0: Fly out, F9 (Line Drive, 9, EV 98.1 MPH)
Batting: LHB Jim Gantner 0-0: Ball
1-0: Called Strike
1-1: Ball
2-1: Called Strike
2-2: Ball
3-2: Base on Balls
Batting: RHB Sixto Lezcano 0-0: Fly out, F7 (Flyball, 78S, EV 88.1 MPH)
Batting: LHB Pat Putnam 0-0: Swinging Strike
0-1: Ball
1-1: Called Strike
1-2: Ball
2-2: Ball
3-2: Strikes out swinging
Bottom of the 1st over - 0 runs, 0 hits, 0 errors, 1 left on base; Chicago 2 - St. Louis 0
TOP OF THE 2ND
Chicago Cubs batting - Pitching for St. Louis Cardinals : LHP Ken Holtzman
Batting: RHB Rick Cerone 0-0: DOUBLE (Line Drive, 89M, EV 89.4 MPH)
Batting: RHB Willie Randolph 0-0: Ball
1-0: Called Strike
1-1: SINGLE (Line Drive, 9S, EV 113.8 MPH)
Rick Cerone to third
Runner from 3rd tries for Home, SAFE, throw by RF to home
Willie Randolph to second
Batting: SHB Oscar Sanchez 0-0: Ball
1-0: Bunted foul
1-1: Sac Bunt to 23 - play at first, batter OUT! 3-4
Willie Randolph to third
Batting: RHB Gary Ward 0-0: Called Strike
0-1: Called Strike
0-2: Foul Ball, location: 2F
0-2: Ball
1-2: SINGLE (Flyball, 56D, EV 86.9 MPH)
Willie Randolph scores
Batting: RHB Bill Madlock 0-0: Called Strike
0-1: Foul Ball, location: 2F
0-2: Ball
1-2: SINGLE (Groundball, 4MD, EV 93.8 MPH)
Gary Ward to second
Runner from 2nd tries for 3rd, SAFE, throw by CF made to third
Batting: RHB Jim Rice 0-0: Called Strike
Bill Madlock steals 2nd base (no throw)
0-1: Ball
1-1: Ball
2-1: Called Strike
2-2: Foul Ball, location: 2F
2-2: Strikes out swinging
Batting: SHB Roy Smalley 0-0: Called Strike
0-1: Ball
1-1: Ball
2-1: Foul Ball, location: 2F
2-2: Fly out, F8 (Flyball, 8RD, EV 81.3 MPH)
Top of the 2nd over - 2 runs, 4 hits, 0 errors, 2 left on base; Chicago 4 - St. Louis 0
BOTTOM OF THE 2ND
St. Louis Cardinals batting - Pitching for Chicago Cubs : RHP Oscar Sanchez
Batting: RHB Bob Watson 0-0: Called Strike
0-1: Ball
1-1: SOLO HOME RUN (Flyball, 7D, EV 96.9 MPH), Distance : 383 ft
Batting: LHB Mike Davis 0-0: Ball
1-0: Ball
2-0: Foul Ball, location: 2F
2-1: Ball
3-1: SINGLE (Groundball, 34S, EV 64.4 MPH) (infield hit)
Batting: RHB Joe Torre 0-0: Ball
1-0: Ball
2-0: Called Strike
2-1: Called Strike
2-2: Strikes out swinging
Batting: SHB Billy E Smith 0-0: Ball
1-0: Ball
2-0: Ball
3-0: Called Strike
3-1: Fielders Choice at 2nd, 4-6 (Groundball, 34, EV 93.8 MPH)
Batting: RHB Ken Holtzman 0-0: Ball
1-0: Called Strike
1-1: Ball
2-1: Fly out, F6 (Line Drive, 6, EV 63.1 MPH)
Bottom of the 2nd over - 1 run, 2 hits, 0 errors, 1 left on base; Chicago 4 - St. Louis 1
TOP OF THE 3RD
Chicago Cubs batting - Pitching for St. Louis Cardinals : LHP Ken Holtzman
Batting: LHB Dave Bergman 0-0: Ball
1-0: Ball
2-0: Ball
3-0: Called Strike
3-1: Foul Ball, location: 2F
3-2: Ground out 6-3 (Groundball, 6S, EV 71.3 MPH)
Batting: RHB Randy Ready 0-0: Called Strike
0-1: Foul Ball, location: 2F
0-2: Ball
1-2: Ball
2-2: Foul Ball, location: 2F
2-2: SINGLE (Flyball, 3D, EV 98.8 MPH)
Batting: RHB Rick Cerone 0-0: Ball
1-0: Ball
2-0: Called Strike
2-1: Foul Ball, location: 2F
2-2: Ball
3-2: Foul Ball, location: 2F
3-2: Foul Ball, location: 2F
3-2: Foul Ball, location: 2F
3-2: Ground out 3-1 (Groundball, 23, EV 84.4 MPH)
Randy Ready to second
Batting: RHB Willie Randolph 0-0: Ball
1-0: Ground out 6-3 (Groundball, P, EV 89.4 MPH)
Top of the 3rd over - 0 runs, 1 hit, 0 errors, 1 left on base; Chicago 4 - St. Louis 1
BOTTOM OF THE 3RD
St. Louis Cardinals batting - Pitching for Chicago Cubs : RHP Oscar Sanchez
Batting: SHB Otis Nixon 0-0: Called Strike
0-1: Ball
1-1: Ball
2-1: Ball
3-1: Base on Balls
Batting: LHB Jim Gantner 0-0: Foul Ball, location: 2F
0-1: Foul Ball, location: 2F
0-2: Ball
1-2: Ball
2-2: Ball
3-2: Fly out, F7 (Line Drive, 7, EV 93.8 MPH)
Batting: RHB Sixto Lezcano 0-0: Ball
1-0: Foul Ball, location: 2F
1-1: Foul Ball, location: 2F
1-2: Fielders Choice at 2nd, 4-6 (Groundball, 4, EV 86.3 MPH)
Batting: LHB Pat Putnam 0-0: 2-RUN HOME RUN (Flyball, 89XD, EV 95.0 MPH), Distance : 435 ft
Batting: RHB Bob Watson 0-0: Reached on error, E5 (Groundball, 56, EV 77.5 MPH)
Batting: LHB Mike Davis 0-0: Ball
1-0: SINGLE (Flyball, 7LS, EV 87.5 MPH) - OUT at second base trying to stretch hit.
Bob Watson scores
Bottom of the 3rd over - 3 runs, 2 hits, 1 error, 0 left on base; Chicago 4 - St. Louis 4
TOP OF THE 4TH
Chicago Cubs batting - Pitching for St. Louis Cardinals : LHP Ken Holtzman
Batting: SHB Oscar Sanchez 0-0: Fly out, F5 (Flyball, 5D, EV 76.9 MPH)
Batting: RHB Gary Ward 0-0: Ball
1-0: Ball
2-0: SOLO HOME RUN (Flyball, 7LD, EV 87.5 MPH), Distance : 367 ft
Batting: RHB Bill Madlock 0-0: Called Strike
0-1: Foul Ball, location: 2F
0-2: SOLO HOME RUN (Flyball, 7LD, EV 109.4 MPH), Distance : 375 ft
Pitching: RHP Larry Yount
Batting: RHB Jim Rice 0-0: Ball
1-0: Ball
2-0: Foul Ball, location: 2F
2-1: Called Strike
2-2: Foul Ball, location: 2F
2-2: Strikes out swinging
Batting: SHB Roy Smalley 0-0: Ball
1-0: Fly out, F5 (Line Drive, 5, EV 63.1 MPH)
Top of the 4th over - 2 runs, 2 hits, 0 errors, 0 left on base; Chicago 6 - St. Louis 4
BOTTOM OF THE 4TH
St. Louis Cardinals batting - Pitching for Chicago Cubs : RHP Oscar Sanchez
Batting: RHB Joe Torre 0-0: Called Strike
0-1: Ground out 4-3 (Groundball, 4, EV 106.9 MPH)
Pitching: LHP Abelino Pena
Batting: SHB Billy E Smith 0-0: Foul Ball, location: 2F
0-1: Foul Ball, location: 2F
0-2: Ball
1-2: Ball
2-2: Ball
3-2: Strikes out swinging
Batting: RHB Larry Yount 0-0: Ball
1-0: Foul Ball, location: 2F
1-1: Foul Ball, location: 2F
1-2: Foul Ball, location: 2F
1-2: Strikes out swinging
Bottom of the 4th over - 0 runs, 0 hits, 0 errors, 0 left on base; Chicago 6 - St. Louis 4
TOP OF THE 5TH
Chicago Cubs batting - Pitching for St. Louis Cardinals : RHP Larry Yount
Batting: LHB Dave Bergman 0-0: Called Strike
0-1: Ball
1-1: Ball
2-1: Ball
3-1: Fly out, F8 (Flyball, 8RD, EV 95.0 MPH)
Batting: RHB Randy Ready 0-0: Ball
1-0: Called Strike
1-1: Ball
2-1: Foul Ball, location: 2F
2-2: Ground out 5-3 (Groundball, 56S, EV 66.3 MPH)
Batting: RHB Rick Cerone 0-0: Called Strike
0-1: Foul Ball, location: 2F
0-2: Ball
1-2: Foul Ball, location: 2F
1-2: Foul Ball, location: 2F
1-2: Strikes out looking
Top of the 5th over - 0 runs, 0 hits, 0 errors, 0 left on base; Chicago 6 - St. Louis 4
BOTTOM OF THE 5TH
St. Louis Cardinals batting - Pitching for Chicago Cubs : LHP Abelino Pena
Batting: SHB Otis Nixon 0-0: Ball
1-0: Ball
2-0: Ball
3-0: Fly out, F8 (Line Drive, 8LD, EV 95.6 MPH)
Batting: LHB Jim Gantner 0-0: Ball
1-0: Called Strike
1-1: SINGLE (Groundball, 34D, EV 97.5 MPH)
Batting: RHB Sixto Lezcano 0-0: Ball
1-0: Called Strike
1-1: Ball
2-1: SINGLE (Groundball, 56S, EV 73.8 MPH) (infield hit)
Jim Gantner to second
Batting: LHB Pat Putnam 0-0: Called Strike
0-1: Foul Ball, location: 2F
0-2: Foul Ball, location: 2F
0-2: Foul Ball, location: 2F
0-2: Ball
1-2: Strikes out looking
Batting: RHB Bob Watson 0-0: Called Strike
0-1: Ball
1-1: Foul Ball, location: 2F
1-2: Foul Ball, location: 2F
1-2: Fly out, F9 (Line Drive, 9D, EV 96.3 MPH)
Bottom of the 5th over - 0 runs, 2 hits, 0 errors, 2 left on base; Chicago 6 - St. Louis 4
TOP OF THE 6TH
Chicago Cubs batting - Pitching for St. Louis Cardinals : RHP Larry Yount
Batting: RHB Willie Randolph 0-0: Ball
1-0: SOLO HOME RUN (Flyball, 89XD, EV 87.5 MPH), Distance : 425 ft
Pinch Hitting: LHB Gerald Perry 0-0: Foul Ball, location: 2F
0-1: Ball
1-1: Foul Ball, location: 2F
1-2: Ball
2-2: Fly out, F8 (Flyball, 8LD, EV 98.1 MPH)
Batting: RHB Gary Ward 0-0: Foul Ball, location: 2F
0-1: Called Strike
0-2: Ball
1-2: Foul Ball, location: 2F
1-2: Strikes out looking
Batting: RHB Bill Madlock 0-0: Ball
1-0: Fly out, F3 (Flyball, 3D, EV 88.8 MPH)
Top of the 6th over - 1 run, 1 hit, 0 errors, 0 left on base; Chicago 7 - St. Louis 4
BOTTOM OF THE 6TH
St. Louis Cardinals batting - Pitching for Chicago Cubs : LHP Abelino Pena
Pitching: RHP Robert Weismiller
Batting: LHB Mike Davis 0-0: Ball
1-0: Called Strike
1-1: Called Strike
1-2: Ball
2-2: Strikes out looking
Batting: RHB Joe Torre 0-0: Foul Ball, location: 2F
0-1: Ball
1-1: Ball
2-1: Ball
3-1: Called Strike
3-2: Foul Ball, location: 2F
3-2: Fly out, F9 (Flyball, 9S, EV 92.5 MPH)
Batting: SHB Billy E Smith 0-0: Ground out 4-3 (Groundball, 4, EV 82.5 MPH)
Bottom of the 6th over - 0 runs, 0 hits, 0 errors, 0 left on base; Chicago 7 - St. Louis 4
TOP OF THE 7TH
Chicago Cubs batting - Pitching for St. Louis Cardinals : RHP Larry Yount
Batting: RHB Jim Rice 0-0: Called Strike
0-1: Foul Ball, location: 2F
0-2: Ball
1-2: Strikes out swinging
Pitching: RHP Robert Arnold
Batting: SHB Roy Smalley 0-0: Ball
1-0: Called Strike
1-1: Swinging Strike
1-2: Ball
2-2: Ball
3-2: Base on Balls
Batting: LHB Dave Bergman 0-0: Swinging Strike
0-1: Fly out, F8 (Flyball, 78S, EV 80.0 MPH)
Batting: RHB Randy Ready 0-0: Ball
1-0: Called Strike
1-1: Ball
2-1: Ball
3-1: Called Strike
3-2: Fly out, F6 (Flyball, 56D, EV 85.0 MPH)
Top of the 7th over - 0 runs, 0 hits, 0 errors, 1 left on base; Chicago 7 - St. Louis 4
BOTTOM OF THE 7TH
St. Louis Cardinals batting - Pitching for Chicago Cubs : RHP Robert Weismiller
Pinch Hitting: RHB Pascual D'Annunzio 0-0: Ball
1-0: Called Strike
1-1: SINGLE (Line Drive, 34D, EV 102.5 MPH)
Batting: SHB Otis Nixon 0-0: Ball
1-0: SINGLE (Groundball, 34D, EV 98.1 MPH)
Pascual D'Annunzio to second
Runner from 2nd tries for 3rd, SAFE, throw by RF made to third
Batting: LHB Jim Gantner 0-0: Called Strike
0-1: Fielders Choice at 2nd, 4-6 (Groundball, 4, EV 90.6 MPH)
Pascual D'Annunzio scores
Batting: RHB Sixto Lezcano 0-0: Called Strike
0-1: Ball
1-1: Ball
2-1: Called Strike
2-2: Strikes out swinging
Batting: LHB Pat Putnam 0-0: Ball
1-0: Called Strike
Jim Gantner steals 2nd base (no throw)
1-1: Foul Ball, location: 2F
1-2: Fly out, F8 (Line Drive, 8RM, EV 100.6 MPH)
Bottom of the 7th over - 1 run, 2 hits, 0 errors, 1 left on base; Chicago 7 - St. Louis 5
TOP OF THE 8TH
Chicago Cubs batting - Pitching for St. Louis Cardinals : RHP Robert Arnold
Pitching: LHP Jerry Reuss
Batting: RHB Rick Cerone 0-0: Swinging Strike
0-1: Foul Ball, location: 2F
0-2: Ball
1-2: Ground out 6-3 (Groundball, 6, EV 82.5 MPH)
Batting: RHB Willie Randolph 0-0: Called Strike
0-1: Ball
1-1: Swinging Strike
1-2: Ground out 6-3 (Groundball, 4MD, EV 102.5 MPH)
Pinch Hitting: RHB Fran Mullins 0-0: Called Strike
0-1: Ball
1-1: Fly out, F4 (Popup, 34, EV 80.0 MPH)
Top of the 8th over - 0 runs, 0 hits, 0 errors, 0 left on base; Chicago 7 - St. Louis 5
BOTTOM OF THE 8TH
St. Louis Cardinals batting - Pitching for Chicago Cubs : RHP Robert Weismiller
Pitching: RHP Bill Greif
Batting: RHB Bob Watson 0-0: Ball
1-0: Called Strike
1-1: Ball
2-1: Ball
3-1: Base on Balls
Batting: LHB Mike Davis 0-0: Swinging Strike
0-1: Foul Ball, location: 2F
0-2: Fly out, F3 (Line Drive, 3, EV 73.1 MPH)
Batting: RHB Joe Torre 0-0: Called Strike
0-1: Ball
1-1: SINGLE (Line Drive, 9LS, EV 98.1 MPH)
Bob Watson to second
Runner from 2nd tries for 3rd, SAFE, no throw by RF
Batting: SHB Billy E Smith 0-0: Foul Ball, location: 2F
0-1: Foul Ball, location: 2F
0-2: Fly out, F7 (Flyball, 7LM, EV 91.9 MPH)
Runner from 3rd tags up, SCORES, throw by LF
Pinch Hitting: LHB Mark Hildebrand 0-0: Ball
1-0: Ball
2-0: Called Strike
2-1: Ground out 5-3 (Groundball, 56, EV 98.8 MPH)
Bottom of the 8th over - 1 run, 1 hit, 0 errors, 1 left on base; Chicago 7 - St. Louis 6
TOP OF THE 9TH
Chicago Cubs batting - Pitching for St. Louis Cardinals : LHP Jerry Reuss
Pitching: RHP Larry Andersen
Batting: RHB Gary Ward 0-0: Swinging Strike
0-1: Ball
1-1: Ball
2-1: Ball
3-1: Base on Balls
Batting: RHB Bill Madlock 0-0: Ball
1-0: Ball
2-0: SINGLE (Line Drive, 89S, EV 90.0 MPH)
Gary Ward to second
Runner from 2nd tries for 3rd, SAFE, no throw by CF
Batting: RHB Jim Rice 0-0: Ball
Bill Madlock steals 2nd base
1-0: Ball
2-0: Ball
3-0: Called Strike
3-1: Called Strike
3-2: Strikes out looking
Batting: SHB Roy Smalley 0-0: Intentional Walk
Batting: LHB Dave Bergman 0-0: Ball
1-0: Foul Ball, location: 2F
1-1: Called Strike
1-2: Strikes out swinging
Batting: RHB Randy Ready 0-0: Ball
1-0: Ball
2-0: Called Strike
2-1: Foul Ball, location: 2F
2-2: Strikes out swinging
Top of the 9th over - 0 runs, 1 hit, 0 errors, 3 left on base; Chicago 7 - St. Louis 6
BOTTOM OF THE 9TH
St. Louis Cardinals batting - Pitching for Chicago Cubs : RHP Bill Greif
Batting: SHB Otis Nixon 0-0: Ball
1-0: Ball
2-0: Called Strike
2-1: Ground out 4-3 (Groundball, 4, EV 102.5 MPH)
Batting: LHB Jim Gantner 0-0: Ball
1-0: SINGLE (Groundball, 4M, EV 87.5 MPH) (infield hit)
Batting: RHB Sixto Lezcano 0-0: Ball
1-0: Swinging Strike
1-1: Ball
2-1: Reached on error, E6 (Groundball, 6D, EV 100.0 MPH)
Jim Gantner to second
Friday, July 24th, 2020 - OOTP Baseball 21.5 Build 71